 Dungeon Crawl Stone Soup version 0.27-a0-1334-g2746e35aca (webtiles) character file.

Game seed: 12689176300286067013

509 funkygono the Gusty (level 7, -3/37 HPs)
             Began as a Tengu Air Elementalist on June 27, 2021.
             Was an Initiate of Vehumet.
             Slain by a troll (4 damage)
             ... on level 5 of the Dungeon.
             The game lasted 00:09:08 (6155 turns).

funkygono the Gusty (Tengu Air Elementalist)        Turns: 6155, Time: 00:09:08

Health: -3/37      AC:  4    Str:  9    XL:     7   Next: 19%
Magic:  7/14       EV: 15    Int: 17    God:    Vehumet [......]
Gold:   116        SH:  0    Dex: 14    Spells: 4/14 levels left

rFire    . . .     SeeInvis .   e - +0 whip (freeze)
rCold    . . .     Faith    .   (no shield)
rNeg     . . .     Spirit   .   a - +0 robe
rPois    .         Reflect  .   (helmet restricted)
rElec    .         Harm     .   h - +1 cloak
rCorr    .         Rampage  .   (no gloves)
Will     .....                  (boots unavailable)
Stlth    ++........             (no amulet)
HPRegen  0.12/turn              (no ring)
MPRegen  0.14/turn              (no ring)

@: attractive, flying quickly and evasively, quick
A: beak, talons 3, nimble flight
a: Renounce Religion


You were on level 5 of the Dungeon.
You worshipped Vehumet.
Vehumet was noncommittal.
You visited 1 branch of the dungeon, and saw 5 of its levels.

You collected 116 gold pieces.

Inventory:

Hand Weapons
 c - a +0 short sword
 e - a +0 whip of freezing (weapon)
 g - a +0 mace
 l - a +1 long sword of holy wrath
Armour
 a - a +0 robe (worn)
 h - a +1 cloak (worn)
 i - a +0 buckler
Magical Staves
 o - a staff of conjuration
Wands
 m - a wand of flame (24)
Scrolls
 k - a scroll of fear
Potions
 b - 2 potions of curing
 d - a potion of invisibility
 n - a potion of haste {unknown}


   Skills:
 + Level 0.3 Fighting
 + Level 0.8 Maces & Flails
 + Level 2.7 Dodging
 - Level 2.0 Stealth
 + Level 4.1 Spellcasting
 + Level 5.2 Conjurations
 + Level 6.7 Air Magic


You had 4 spell levels left.
You knew the following spells:

 Your Spells              Type           Power      Damage    Failure   Level
a - Shock                 Conj/Air       96%        1d9       1%          1
b - Static Discharge      Conj/Air       24%        N/A       1%          2
c - Swiftness             Air            26%        N/A       3%          3
d - Airstrike             Air            13%        N/A       10%         4

Your spell library contained the following spells:

 Spells                   Type           Power      Damage    Failure   Level
 Lightning Bolt           Conj/Air       12%        1d25      36%         5


Dungeon Overview and Level Annotations

Branches:
Dungeon (5/15)
 Temple: D:4-7

Altars:
Cheibriados
Elyvilon
Ru
Sif Muna
Trog
Uskayaw
Vehumet
Wu Jian

Shops:
D:4 [


Innate Abilities, Weirdness & Mutations

You have a beak for a mouth.
You have claws for feet.
Your magical nature lets you fly swiftly and evasively.


Message History

Casting: Shock (safe; 1% risk of failure)
Confirm with . or Enter, or press ? or * to list all spells.
Aiming: Shock (safe; 1% risk of failure)
Press: ? - help, Shift-Dir - straight line The zap hits the troll.
The troll is lightly wounded.
The zap misses the troll.
Casting: Shock (safe; 1% risk of failure)
Confirm with . or Enter, or press ? or * to list all spells.
Aiming: Shock (safe; 1% risk of failure)
Press: ? - help, Shift-Dir - straight line The zap hits the troll but does no damage.
The troll is lightly wounded.
Casting: Shock (safe; 1% risk of failure)
Confirm with . or Enter, or press ? or * to list all spells.
Aiming: Shock (safe; 1% risk of failure)
Press: ? - help, Shift-Dir - straight line The zap hits the troll.
The troll is lightly wounded.
The troll bites you! The troll claws you. x2
Casting: Shock (safe; 1% risk of failure)
Confirm with . or Enter, or press ? or * to list all spells.
The troll is struck by an arc of lightning.
The troll is moderately wounded.
You are struck by an arc of lightning.
The lightning grounds out.
The troll closely misses you. The troll claws you. The troll claws you!
* * * LOW HITPOINT WARNING * * *
Unknown command.
Casting: Static Discharge (safe; 1% risk of failure)
Confirm with . or Enter, or press ? or * to list all spells.
The troll is struck by an arc of lightning.
The troll is moderately wounded.
The lightning grounds out.
The troll barely misses you. The troll claws you but does no damage.
The troll completely misses you.
Unknown command.
Unknown command.
It was a potion of attraction.
You feel attractive to monsters. The troll bites you.
You die...

##### ####
.(...... #
#..#..#
#..#.T...#
#....@#
##.#..#
#... .....
#######


You could see a troll.

Vanquished Creatures
  An ogre (D:4)
  2 scorpions (D:4)
  A bullfrog zombie (D:5)
  A hound (D:4)
  Jessica (D:2)
  An iguana (D:4)
  Ijyb (D:4)
  An orc wizard (D:4)
  4 adders
  5 worms
  3 dart slugs
  9 orcs
  10 endoplasms
  4 goblins
  5 hobgoblins
  7 jackals
  3 quokkas
  9 ball pythons
  2 bats
  2 frilled lizards
  3 kobolds
  4 rats
79 creatures vanquished.

Notes
Turn   | Place    | Note
-------+----------+-------------------------------------------
     0 | D:1      | funkygono the Tengu Air Elementalist began the quest for
                  | the Orb.
     0 | D:1      | Reached XP level 1. HP: 10/10 MP: 4/4
    27 | D:1      | Found a faded altar of an unknown god.
   686 | D:1      | Reached XP level 2. HP: 15/15 MP: 0/6
   760 | D:1      | Learned a level 2 spell: Static Discharge
  1802 | D:2      | Reached XP level 3. HP: 10/19 MP: 1/7
  2010 | D:2      | Noticed Jessica
  2016 | D:2      | Killed Jessica
  2017 | D:2      | Reached XP level 4. HP: 14/24 MP: 2/8
  2392 | D:2      | Reached skill level 5 in Air Magic
  3016 | D:2      | Learned a level 3 spell: Swiftness
  3517 | D:3      | Found a hide-covered altar of Uskayaw.
  3518 | D:3      | Found a sacrificial altar of Ru.
  3518 | D:3      | Found a radiant altar of Vehumet.
  3523 | D:3      | Became a worshipper of Vehumet
  3949 | D:3      | Gained mutation: Your magical nature lets you fly swiftly
                  | and evasively. [Tengu growth]
  3949 | D:3      | Reached XP level 5. HP: 28/28 MP: 6/10
  4295 | D:4      | Noticed an ogre
  4309 | D:4      | Killed an ogre
  4312 | D:4      | Reached skill level 6 in Air Magic
  4312 | D:4      | Reached XP level 6. HP: 27/32 MP: 1/12
  4317 | D:4      | Learned a level 4 spell: Airstrike
  4562 | D:4      | Found a white marble altar of Elyvilon.
  5084 | D:4      | Noticed Ijyb
  5128 | D:4      | Killed Ijyb
  5322 | D:4      | Reached skill level 5 in Conjurations
  5322 | D:4      | Reached XP level 7. HP: 29/37 MP: 7/14
  5406 | D:4      | Found Acvass's Antique Armour Boutique.
  5470 | D:4      | Found a snail-covered altar of Cheibriados.
  5473 | D:4      | Found a shimmering blue altar of Sif Muna.
  5483 | D:4      | Found a bloodstained altar of Trog.
  5493 | D:4      | Found an ornate altar of the Wu Jian Council.
  5680 | D:5      | Entered Level 5 of the Dungeon
  5880 | D:5      | Noticed a yak
  5882 | D:5      | Noticed a yak
  5884 | D:5      | Noticed a yak
  5885 | D:5      | Noticed a yak
  5885 | D:5      | Noticed a yak
  6149 | D:5      | Noticed a troll
  6153 | D:5      | HP: 1/37 [troll (12)]
  6155 | D:5      | Slain by a troll

Illustrated notes

Levels and vault maps discovered:
D:1:      psy_arrival_radial02, layout_loops_corners,
          hellmonk_ecumenical_altar_heavens_door
D:2:      layout_basic, uniq_jessica
D:3:      layout_loops_corners, chequers_temple_overflow_statue_of_worship
D:4:      layout_rooms, elyvilon_altar_4, grunt_temple_overflow_cloverleaf,
          serial_shops, shop, uniq_ijyb
D:5:      layout_loops_cross, grunt_temple_overflow_growth_and_decay,
          minmay_door_square, uniq_prince_ribbit1, uniq_pikel

Skill      XL: |  1  2  3  4  5  6 |
---------------+-------------------+-----
Conjurations   | 2 3 4 5 |  5.2
Air Magic      | 5 6 |  6.7
Spellcasting   | 3 4 |  4.1
Fighting       | |  0.3
Maces & Flails | |  0.8
Dodging        | |  2.7
Stealth        | |  2.0

Action                   |  1- 3 |  4- 6 |  7- 9 || total
-------------------------+-------+-------+-------++-------
Melee: Unarmed           |    14 |       |       ||    14
       Kick              |     7 |     2 |     1 ||    10
       Whip              |    10 |     4 |     5 ||    19
       Peck              |     1 |       |     1 ||     2
 Cast: Shock             |    52 |   129 |    14 ||   195
       Static Discharge  |     2 |     8 |     7 ||    17
  Use: Scroll            |     1 |     4 |     2 ||     7
       Potion            |       |       |     1 ||     1
Armor: Robe              |     5 |     2 |     3 ||    10
Dodge: Dodged            |    33 |    11 |    12 ||    56

Table legend: (Time is in decaauts)
 A = Elapsed time spent in this place.
 B = Non-inter-level travel time spent in this place.
 C = Inter-level travel time spent in this place.
 D = Time resting spent in this place.
 E = Time spent auto-exploring this place.
 F = Levels seen in this place.
 G = Mean time per level.
                   A        B        C        D        E       F      G
               +--------+--------+--------+--------+--------+-----+--------+
         Total |   6077 |   5902 |    175 |    412 |   4948 |   5 | 1215.4 |
       Dungeon |   6077 |   5902 |    175 |    412 |   4948 |   5 | 1215.4 |
               +--------+--------+--------+--------+--------+-----+--------+

Top non-repeatable levels by time:
     D:2: 1572 daAuts
     D:1: 1545 daAuts
     D:4: 1494 daAuts
     D:3: 1241 daAuts
     D:5: 223 daAuts
